 Dungeon Crawl Stone Soup version 0.23-a0-378-gd7a6ca6 (webtiles) character file.

178029 Gorice the Jinx (level 18, 0/211 HPs)
             Began as a Gnoll Wanderer on Oct 25, 2018.
             Was the Champion of Okawaru.
             Slain by Fynlaimo's ghost (11 damage)
             ... on level 1 of the Shoals on Oct 27, 2018.
             The game lasted 04:01:35 (43202 turns).

Gorice the Jinx (Gnoll Wanderer)                   Turns: 43202, Time: 04:01:36

Health: 0/211      AC: 27    Str: 25    XL:     18   Next: 18%
Magic:  25/34      EV: 20    Int: 16    God:    Okawaru [******]
Gold:   1410       SH:  0    Dex: 21    Spells: 25/41 levels left

rFire    + . .     SeeInvis .   a - +4 lajatang (pain)
rCold    . . .     Gourm    .   (shield currently unavailable)
rNeg     . . .     Faith    .   Q - +2 plate armour {rF+}
rPois    .         Spirit   .   v - +0 helmet
rElec    +         Reflect  .   c - scarf {repulsion}
rCorr    .         Harm     .   u - +1 pair of gloves of Yraucs {rElec Dex+5}
MR       ++...                  G - +2 pair of boots {run}
Stlth    ..........             W - amulet of regeneration
HPRegen  0.85/turn              m - ring of protection from magic
MPRegen  0.24/turn              S - +3 ring of slaying

@: berserking, heroism, studying 2 skills, repel missiles, very quick
A: distributed training, fangs 1, strong nose
a: Heroism, Finesse, Renounce Religion


You were on level 1 of the Shoals.
You worshipped Okawaru.
Okawaru was exalted by your worship.
You were not hungry.

You visited 6 branches of the dungeon, and saw 29 of its levels.
You also visited: Labyrinth, Ice Cave and Volcano.

You collected 3232 gold pieces.
You spent 1822 gold pieces at shops.

Inventory:

Hand Weapons
 a - a +4 lajatang of pain (weapon)
   (Okawaru gifted it to you in a volcano)
 b - a +1 hunting sling of velocity
   (You found it on level 11 of the Dungeon)
 s - a +4 great sword of protection
   (Okawaru gifted it to you on level 1 of the Shoals)
 B - a +2 blowgun
 N - a +1 shortbow of velocity
   (Okawaru gifted it to you on level 2 of the Shoals)
Missiles
 h - 14 curare-tipped needles
 F - 6 needles of sleeping
 I - 149 sling bullets
 O - 5 poisoned javelins (quivered)
 Z - 6 throwing nets {!f}
Armour
 c - a scarf of repulsion (worn)
   (Okawaru gifted it to you on level 6 of the Lair of Beasts)
 u - the +1 pair of gloves of Yraucs (worn) {rElec Dex+5}
   (Okawaru gifted it to you on level 15 of the Dungeon)

   It affects your dexterity (+5).
   It insulates you from electricity.
 v - a +0 helmet (worn)
 G - a +2 pair of boots of running (worn)
   (You found it on level 6 of the Lair of Beasts)
 Q - a +2 plate armour of fire resistance (worn)
   (You bought it in a shop on level 2 of the Orcish Mines)
Magical Staves
 l - an uncursed staff of fire
Jewellery
 m - a ring of protection from magic (left hand)
 w - an uncursed ring of wizardry
 E - an uncursed ring of positive energy
 S - a +3 ring of slaying (right hand)
 W - an amulet of regeneration (around neck)
Wands
 e - a wand of acid (4)
 g - a wand of digging (9)
 k - a wand of disintegration (31)
 q - a wand of scattershot (9)
 x - a wand of paralysis (18)
 A - a wand of clouds (5)
 K - a wand of iceblast (13)
 T - a wand of flame (94)
Scrolls
 i - a scroll of fog
 j - 2 scrolls of blinking
 y - 6 scrolls of magic mapping {!r}
 D - 11 scrolls of remove curse
 H - 8 scrolls of identify
 P - 7 scrolls of teleportation {!r}
Potions
 d - 3 potions of curing
 n - 3 potions of heal wounds {!q}
 o - 5 potions of flight
 p - a potion of brilliance {!q}
 t - 2 potions of resistance {!q}
 z - 2 potions of might {!q}
 C - 2 potions of haste {!q}
 M - 2 potions of berserk rage
 R - 2 potions of cancellation {!q}
 V - 4 potions of agility {!q}
Books
 r - a manual of Hexes {!d}
 L - a manual of Slings {!d}
Comestibles
 f - 37 rations
 J - 3 chunks of flesh


   Skills:
 + Level 12.5(17.5) Fighting
 + Level 11.8(16.8) Short Blades
 + Level 11.8(16.8) Long Blades
 + Level 11.8(16.8) Axes
 + Level 11.8(16.8) Maces & Flails
 + Level 11.8(16.8) Polearms
 + Level 12.1(17.1) Staves
 + Level 13.1(18.1) Slings
 + Level 11.8(16.8) Bows
 + Level 11.8(16.8) Crossbows
 + Level 12.1(17.1) Throwing
 + Level 11.8(16.8) Armour
 + Level 11.8(16.8) Dodging
 + Level 11.8(16.8) Stealth
 + Level 11.8(16.8) Shields
 + Level 11.8(16.8) Unarmed Combat
 + Level 12.1 Spellcasting
 + Level 10.1 Conjurations
 + Level 13.2 Hexes
 + Level 10.1 Charms
 + Level 10.1 Summonings
 + Level 10.1 Necromancy
 + Level 10.1 Translocations
 + Level 10.1 Transmutations
 + Level 10.1 Fire Magic
 + Level 10.8 Ice Magic
 + Level 10.1 Air Magic
 + Level 10.8 Earth Magic
 + Level 10.1 Poison Magic
 + Level 12.7 Invocations
 + Level 12.1 Evocations


You had 25 spell levels left.
You knew the following spells:

 Your Spells              Type           Power        Failure   Level  Hunger
c - Confuse               Hex            ######..     1%          3    None
p - Portal Projectile     Hex/Tloc       #####.       1%          3    None
w - Spectral Weapon       Hex/Chrm       #####...     1%          3    None
J - Blink                 Tloc           N/A          1%          2    None
R - Regeneration          Chrm/Necr      #####.....   2%          3    None
S - Swiftness             Chrm/Air       #####...     1%          2    None

Your spell library contained the following spells:

 Spells                   Type           Power        Failure   Level  Hunger
 Animate Skeleton         Necr           N/A          1%          1    None
 Confusing Touch          Hex            ######       1%          1    None
 Infusion                 Chrm           ####         1%          1    None
 Magic Dart               Conj           ####         1%          1    None
 Pain                     Necr           ####         1%          1    None
 Sandblast                Erth           #####.       1%          1    None
 Shock                    Conj/Air       ####         1%          1    None
 Summon Small Mammal      Summ           ####         1%          1    None
 Call Imp                 Summ           #####...     1%          2    None
 Poisonous Vapours        Pois/Air       #####.       1%          2    None
 Searing Ray              Conj           #####.       1%          2    None
 Shroud of Golubria       Chrm/Tloc      #####.....   1%          2    None
 Slow                     Hex            ######..     1%          2    None
 Song of Slaying          Chrm           #####...     1%          2    None
 Throw Frost              Conj/Ice       #####.       1%          2    None
 Dazzling Spray           Conj/Hex       #####.       1%          3    None
 Stone Arrow              Conj/Erth      #####.       1%          3    None
 Summon Guardian Golem    Hex/Summ       #####...     1%          3    None
 Call Canine Familiar     Summ           #####...     2%          3    None
 Conjure Flame            Conj/Fire      #####...     2%          3    None
 Gell's Gravitas          Tloc           #####.....   2%          3    None
 Mephitic Cloud           Conj/Pois/Air  #####...     2%          3    None
 Recall                   Summ/Tloc      N/A          2%          3    None
 Static Discharge         Conj/Air       #####...     2%          3    None
 Vampiric Draining        Necr           #####.....   2%          3    None
 Cause Fear               Hex            ######....   2%          4    ##.....
 Fulminant Prism          Conj/Hex       #####.....   4%          4    ##.....
 Petrify                  Tmut/Erth      #####...     6%          4    ##.....
 Summon Ice Beast         Ice/Summ       #####...     6%          4    ##.....
 Airstrike                Air            #####.....   8%          4    ##.....
 Animate Dead             Necr           N/A          8%          4    ##.....
 Force Lance              Conj/Tloc      #####...     8%          4    ##.....
 Iskenderun's Mystic Bla  Conj           #####...     8%          4    ##.....
 Summon Lightning Spire   Summ/Air       #####...     8%          4    ##.....
 Metabolic Englaciation   Hex/Ice        #####.....   10%         5    #####..
 Silence                  Hex/Air        #####.....   11%         5    #####..
 Summon Mana Viper        Hex/Summ       #####...     11%         5    #####..
 Yara's Violent Unravell  Hex/Tmut       #####.....   11%         5    #####..
 Bolt of Magma            Conj/Fire/Erth #####.....   19%         5    #####..
 Borgnjor's Vile Clutch   Necr/Erth      #####.....   19%         5    #####..
 Aura of Abjuration       Summ           #####.....   21%         5    #####..
 Iskenderun's Battlesphe  Conj/Chrm      #####...     21%         5    #####..
 Lightning Bolt           Conj/Air       #####.....   21%         5    #####..
 Summon Demon             Summ           #####.....   21%         5    #####..
 Summon Forest            Summ/Tloc      #####.....   21%         5    #####..
 Venom Bolt               Conj/Pois      #####.....   21%         5    #####..
 Iron Shot                Conj/Erth      #####.....   69%         6    ######.
 Simulacrum               Ice/Necr       #####.....   69%         6    ######.
 Freezing Cloud           Conj/Ice/Air   #####.....   71%         6    ######.
 Death Channel            Necr           #####.....   75%         6    ######.
 Deflect Missiles         Chrm/Air       #####.....   75%         6    ######.
 Dispersal                Tloc           #####.....   75%         6    ######.
 Shadow Creatures         Summ           N/A          75%         6    ######.
 Malign Gateway           Summ/Tloc      #####.....   99%         7    #######
 Orb of Destruction       Conj           #####.....   99%         7    #######
 Ring of Flames           Chrm/Fire      #####.....   99%         7    #######
 Spellforged Servitor     Conj/Summ      #####.....   99%         7    #######
 Controlled Blink         Tloc           N/A          100%        8    #######
 Discord                  Hex            ######....   100%        8    #######
 Disjunction              Tloc           #####.....   100%        8    #######


Dungeon Overview and Level Annotations

Branches:
Dungeon (15/15)            Temple (1/1) D:5            Lair (6/6) D:9
 Shoals (2/4) Lair:2        Snake (3/4) Lair:2        Slime (0/5) Lair:5
    Orc (2/2) D:9             Elf (0/3) Orc:2        Vaults (0/5) D:13
 Depths (0/5) D:15

Altars:
Ashenzari
Cheibriados
Dithmenos
Elyvilon
Fedhas
Gozag
Hepliaklqana
Kikubaaqudgha
Makhleb
Nemelex Xobeh
Okawaru
Qazlal
Ru
Sif Muna
Trog
Uskayaw
Vehumet
Wu Jian
Xom
Yredelemnul
Zin
The Shining One
Beogh

Shops:
D:7 [(   Orc:1 ?%**   Orc:2 =[*(   Shoals:1 [   Snake:1 :}*(?

Annotations:
Shoals:1 Fynlaimo's ghost, adept KoFi; phyphor's ghost, adept SpEn
Shoals:2 Ilsuiw


Innate Abilities, Weirdness & Mutations

Your experience applies equally to all skills.
You have very sharp teeth.
Your uncanny sense of smell can sniff out nearby items.


Message History

Unknown command.
Unknown command.
Okay, then.
Unknown command.
Unknown command.
Unknown command.
Unknown command.
Unknown command.
Unknown command.
Unknown command.
Unknown command.
Unknown command.
Unknown command.
Unknown command.
Unknown command.
Unknown command.
Unknown command.
Unknown command.
Unknown command.
Unknown command.
Unknown command.
Unknown command.
Evoke which item? (* to show all) (? for menu, Esc to quit)
Aiming: Scattershot
Press: ? - help, Shift-Dir - straight line, f/p - Fynlaimo's ghost
Aim: Fynlaimo's ghost, wielding a vorpal weapon (severely damaged)
The burst of metal fragments hits Fynlaimo's ghost. x7
Fynlaimo's ghost is severely damaged.
Fynlaimo's ghost barely misses you.
A red film seems to cover your vision as you go berserk!
Your finesse ends abruptly.
You feel yourself moving faster!
You feel mighty! Fynlaimo's ghost barely misses you.
You barely miss Fynlaimo's ghost.
You bite Fynlaimo's ghost, but do no damage.
Fynlaimo's ghost is severely damaged.
Your spectral weapon hits Fynlaimo's ghost.
Fynlaimo's ghost hits you!!
* * * LOW HITPOINT WARNING * * *
x2 Damage: 34 (max 39) Unknown command.
You slice Fynlaimo's ghost!!
Fynlaimo's ghost is almost destroyed.
Your spectral weapon hits Fynlaimo's ghost.
Unknown command.
Unknown command.
You closely miss Fynlaimo's ghost.
Fynlaimo's ghost is almost destroyed.
Your spectral weapon hits Fynlaimo's ghost but does no damage.
Fynlaimo's ghost hits you!
You die...

.............P.....≈≈P≈..## ##.≈≈
................(..≈≈≈≈.P### #..≈
........P....P..((.≈P.PP≈..###P.≈
≈......PPP..####(##P.≈P≈≈.......≈
≈≈.....P...PPP#.(PP##P≈≈P≈...##.≈
≈≈≈........P##..(..P.P≈≈≈≈≈..##.≈
≈≈≈≈.......PP#..([.P.P..P≈≈≈≈≈≈≈≈
≈≈≈≈≈≈≈....PP#..W..#P...≈≈≈≈≈≈≈≈≈
≈≈≈≈≈≈≈≈...PPP..@(##PP..≈≈≈P≈≈≈≈≈
≈≈≈≈≈≈≈≈≈...P.###.#PP...≈≈≈≈≈≈≈≈≈
≈≈≈≈≈≈≈>≈≈....PP.#......≈P≈≈≈≈≈≈≈
≈≈≈≈≈≈≈≈≈(......P.P...).≈≈≈≈≈≈≈≈≈
≈≈≈≈≈≈≈≈)≈........[......)≈≈≈≈≈≈≈
≈≈≈≈≈≈≈≈≈≈................≈≈≈≈≈≈≈
≈≈≈≈≈≈≈≈≈....(...............≈≈≈≈
≈≈(≈≈.........................≈≈≈
≈≈.............[...(.(...[......≈


You could see Fynlaimo's ghost and a friendly spectral lajatang of pain.

Vanquished Creatures
  Rupert (Lair:6)
  A sphinx (D:14)
  Polyphemus (Shoals:2)
  2 nagarajas
  A fire giant (D:15)
  The ghost of Eguckew the Spry, a journeyman OpNe of Kikubaaqudgha (Shoals:1)
  A frost giant (Shoals:1)
  An orc warlord (Orc:2)
  A reaper (IceCv)
  A very ugly thing (D:13)
  A stone giant (Volcano)
  2 entropy weavers (Lair:4)
  A minotaur (Lab)
  Snorg (D:12)
  A merfolk impaler (Shoals:1)
  5 hydras
  A rakshasa (D:11)
  4 naga warriors
  3 vault guards (D:13)
  A merfolk avatar (Shoals:2)
  5 centaur warriors
  2 catoblepae
  A satyr (Shoals:2)
  An alligator snapping turtle (Shoals:1)
  6 anacondas
  9 two-headed ogres
  A tengu warrior (D:15)
  An ogre mage (D:15)
  8 death yaks
  A deep troll earth mage (D:14)
  Urug (Lair:4)
  2 orc high priests
  12 shock serpents
  2 naga sharpshooters
  The ghost of iamserjio the Geomancer, a novice DEEE of Vehumet (D:8)
  An unseen horror (D:13)
  2 sea snakes
  2 wizards
  4 naga ritualists
  A deep elf archer (D:14)
  A flayed ghost (D:14)
  5 orc knights
  A necromancer (D:13)
  9 harpies
  6 oklob plants
  An orb spider (shapeshifter) (D:13)
  2 manticores (Shoals:2)
  7 mana vipers
  4 orc sorcerers
  2 deep elf magi
  6 salamanders
  12 cyclopes
  3 elephants (Lair:2)
  11 ugly things
  A centaur zombie (D:11)
  A merfolk siren (Lair:2)
  A water nymph (Shoals:2)
  Joseph (Lair:1)
  A guardian serpent (Snake:2)
  Maurice (D:8)
  25 black mambas
  2 ice statues (IceCv)
  11 naga magi
  Psyche (D:9)
  The ghost of CcS the Chopper, a novice FoFi (D:4)
  6 gargoyles
  6 centaur skeletons
  8 spiny frogs
  2 rime drakes
  2 komodo dragons
  3 efreet
  2 yaktaurs
  9 ice devils (IceCv)
  10 trolls
  A tengu conjurer (D:15)
  2 queen bees
  The ghost of nikopol the Magician, a novice DEFE (D:4)
  8 merfolk
  The ghost of Nr616 the Cleaver, an amateur HOFi of Qazlal (D:4)
  2 wind drakes (Shoals:1)
  A meliai (D:14)
  10 polar bears
  4 hornets
  Prince Ribbit (D:7)
  17 blink frogs
  A harpy skeleton (D:14)
  15 hippogriffs
  14 slime creatures
  13 dream sheep
  3 snapping turtles (Shoals:1)
  4 shadows
  A water elemental (Shoals:1)
  2 vampires
  41 yaks
  2 basilisks
  6 fire bats (Volcano)
  20 humans
  14 spriggans
  A wyvern (D:13)
  A fire elemental (Volcano)
  A hog (D:9)
  2 hungry ghosts
  3 wargs (D:9)
  An acid dragon (D:11)
  15 nagas
  22 soldier ants
  18 water moccasins
  The ghost of derval the Gusty, an amateur DEAE (D:4)
  12 porcupines
  7 sky beasts
  8 black bears
  6 ice beasts
  36 orc warriors
  3 eyes of draining
  4 necrophages
  13 ogres
  2 phantoms
  4 boggarts
  25 wolves
  11 centaurs
  9 crocodiles
  12 big kobolds
  15 bullfrogs
  A wyvern zombie (D:14)
  2 earth elementals (Volcano)
  6 scorpions
  A water moccasin skeleton (D:6)
  71 killer bees
  4 wights (D:15)
  4 electric eels
  3 howler monkeys
  The ghost of Qupu the Changer, a weakling OpTm (D:4)
  A troll skeleton (Lab)
  2 spriggan skeletons (Lab)
  8 lava snakes (Volcano)
  9 crimson imps
  A quasit (D:11)
  12 hounds
  15 orc priests
  2 bullfrog zombies
  An iron imp (D:5)
  6 jellies
  2 bullfrog skeletons
  19 orc wizards
  4 iguanas
  34 worker ants
  A killer bee zombie (D:8)
  A hound zombie (D:7)
  A hound skeleton (D:8)
  2 worker ant zombies
  17 adders
  7 shadow imps
  4 white imps (IceCv)
  11 ufetubi (IceCv)
  17 oozes (D:7)
  2 adder skeletons
  A worm (D:2)
  2 dart slugs
  6 leopard geckos
  92 orcs
  10 bats
  5 giant cockroaches
  7 goblins
  9 hobgoblins
  9 jackals
  23 kobolds
  7 quokkas
  2 ball pythons
  10 frilled lizards
  A jackal skeleton (D:5)
  2 quokka skeletons
  6 rats
  A fungus (Lair:1)
  2 plants
1141 creatures vanquished.

Vanquished Creatures (others)
  An anaconda (Snake:2)
  2 white imps (IceCv)
  3 ufetubi (IceCv)
  23 fungi
  8 plants
  14 spectral weapons
  4 withered plants (Shoals:1)
55 creatures vanquished.

Grand Total: 1196 creatures vanquished

Notes
Turn   | Place    | Note
-------+----------+-------------------------------------------
     0 | D:1      | Gorice the Gnoll Wanderer began the quest for the Orb.
     0 | D:1      | Gorice set off with: 2 curare-tipped needles, a +2 blowgun,
                  | a +0 quarterstaff, a +0 robe, a ration
     0 | D:1      | Reached XP level 1. HP: 20/20 MP: 4/4
    72 | D:1      | Learned a level 1 spell: Sandblast
   163 | D:1      | Reached XP level 2. HP: 15/26 MP: 1/5
   639 | D:1      | Reached XP level 3. HP: 28/31 MP: 7/7
   937 | D:2      | Reached skill level 1 in Invocations
  1072 | D:2      | Reached skill level 1 in Short Blades
  1072 | D:2      | Reached skill level 1 in Long Blades
  1072 | D:2      | Reached skill level 1 in Axes
  1072 | D:2      | Reached skill level 1 in Maces & Flails
  1072 | D:2      | Reached skill level 1 in Polearms
  1072 | D:2      | Reached skill level 1 in Slings
  1072 | D:2      | Reached skill level 1 in Bows
  1072 | D:2      | Reached skill level 1 in Crossbows
  1072 | D:2      | Reached skill level 1 in Armour
  1072 | D:2      | Reached skill level 1 in Dodging
  1072 | D:2      | Reached skill level 1 in Stealth
  1072 | D:2      | Reached skill level 1 in Shields
  1072 | D:2      | Reached skill level 1 in Unarmed Combat
  1170 | D:2      | Reached XP level 4. HP: 38/38 MP: 8/8
  1217 | D:2      | Found a bloodstained altar of Trog.
  1404 | D:2      | Reached skill level 3 in Spellcasting
  1671 | D:2      | Reached skill level 1 in Conjurations
  1671 | D:2      | Reached skill level 1 in Hexes
  1671 | D:2      | Reached skill level 1 in Charms
  1671 | D:2      | Reached skill level 1 in Summonings
  1671 | D:2      | Reached skill level 1 in Necromancy
  1671 | D:2      | Reached skill level 1 in Translocations
  1671 | D:2      | Reached skill level 1 in Transmutations
  1671 | D:2      | Reached skill level 1 in Fire Magic
  1671 | D:2      | Reached skill level 1 in Air Magic
  1671 | D:2      | Reached skill level 1 in Poison Magic
  1882 | D:3      | Reached XP level 5. HP: 33/43 MP: 9/9
  2226 | D:3      | Reached skill level 3 in Staves
  2226 | D:3      | Reached skill level 3 in Throwing
  2226 | D:3      | Reached skill level 3 in Evocations
  2233 | D:3      | Reached skill level 4 in Ice Magic
  2233 | D:3      | Reached skill level 4 in Earth Magic
  2742 | D:4      | Reached skill level 2 in Invocations
  2742 | D:4      | Reached XP level 6. HP: 50/50 MP: 10/10
  3003 | D:4      | Reached skill level 5 in Fighting
  3003 | D:4      | Reached skill level 2 in Short Blades
  3003 | D:4      | Reached skill level 2 in Long Blades
  3003 | D:4      | Reached skill level 2 in Axes
  3003 | D:4      | Reached skill level 2 in Maces & Flails
  3003 | D:4      | Reached skill level 2 in Polearms
  3003 | D:4      | Reached skill level 2 in Slings
  3003 | D:4      | Reached skill level 2 in Bows
  3003 | D:4      | Reached skill level 2 in Crossbows
  3003 | D:4      | Reached skill level 2 in Armour
  3003 | D:4      | Reached skill level 2 in Dodging
  3003 | D:4      | Reached skill level 2 in Stealth
  3003 | D:4      | Reached skill level 2 in Shields
  3003 | D:4      | Reached skill level 2 in Unarmed Combat
  3152 | D:4      | Found a runed gate.
  3153 | D:4      | Found a runed gate.
  3154 | D:4      | Found a runed gate.
  3155 | D:4      | Noticed nikopol's ghost (novice DEFE)
  3155 | D:4      | Noticed Nr616's ghost (amateur HOFi)
  3155 | D:4      | Noticed CcS's ghost (novice FoFi)
  3156 | D:4      | Noticed derval's ghost (amateur DEAE)
  3156 | D:4      | Noticed Qupu's ghost (weakling OpTm)
  3347 | D:4      | Reached XP level 7. HP: 30/56 MP: 12/12
  3938 | D:4      | Reached skill level 2 in Conjurations
  3938 | D:4      | Reached skill level 2 in Hexes
  3938 | D:4      | Reached skill level 2 in Charms
  3938 | D:4      | Reached skill level 2 in Summonings
  3938 | D:4      | Reached skill level 2 in Necromancy
  3938 | D:4      | Reached skill level 2 in Translocations
  3938 | D:4      | Reached skill level 2 in Transmutations
  3938 | D:4      | Reached skill level 2 in Fire Magic
  3938 | D:4      | Reached skill level 2 in Air Magic
  3938 | D:4      | Reached skill level 2 in Poison Magic
  4190 | D:5      | Entered Level 5 of the Dungeon
  4387 | D:5      | Reached skill level 4 in Spellcasting
  4387 | D:5      | Reached skill level 3 in Invocations
  4469 | D:5      | Reached XP level 8. HP: 57/63 MP: 14/14
  4589 | D:4      | Reached skill level 3 in Short Blades
  4589 | D:4      | Reached skill level 3 in Long Blades
  4589 | D:4      | Reached skill level 3 in Axes
  4589 | D:4      | Reached skill level 3 in Maces & Flails
  4589 | D:4      | Reached skill level 3 in Polearms
  4589 | D:4      | Reached skill level 4 in Staves
  4589 | D:4      | Reached skill level 3 in Slings
  4589 | D:4      | Reached skill level 3 in Bows
  4589 | D:4      | Reached skill level 3 in Crossbows
  4589 | D:4      | Reached skill level 4 in Throwing
  4589 | D:4      | Reached skill level 3 in Armour
  4589 | D:4      | Reached skill level 3 in Dodging
  4589 | D:4      | Reached skill level 3 in Stealth
  4589 | D:4      | Reached skill level 3 in Shields
  4589 | D:4      | Reached skill level 3 in Unarmed Combat
  4589 | D:4      | Reached skill level 4 in Evocations
  4684 | D:5      | HP: 18/63 [sky beast (4)]
  5014 | D:5      | Found a shimmering altar of Xom.
  5119 | D:5      | Found a snail-covered altar of Cheibriados.
  5136 | D:5      | Found a staircase to the Ecumenical Temple.
  5158 | Temple   | Entered the Ecumenical Temple
  5289 | Temple   | Became a worshipper of Warmaster Okawaru
  5559 | D:6      | Found a hide-covered altar of Uskayaw.
  5560 | D:6      | Noticed a hand axe
  5561 | D:6      | Noticed a hand axe
  6876 | D:7      | Found Vaxketro's Antique Armour Boutique.
  6896 | D:7      | Noticed a hippogriff
  6898 | D:7      | Noticed a hippogriff
  6899 | D:7      | Reached skill level 4 in Invocations
  6912 | D:7      | Killed a hippogriff
  6912 | D:7      | Reached skill level 6 in Fighting
  6912 | D:7      | Reached skill level 3 in Conjurations
  6912 | D:7      | Reached skill level 3 in Hexes
  6912 | D:7      | Reached skill level 3 in Charms
  6912 | D:7      | Reached skill level 3 in Summonings
  6912 | D:7      | Reached skill level 3 in Necromancy
  6912 | D:7      | Reached skill level 3 in Translocations
  6912 | D:7      | Reached skill level 3 in Transmutations
  6912 | D:7      | Reached skill level 3 in Fire Magic
  6912 | D:7      | Reached skill level 5 in Ice Magic
  6912 | D:7      | Reached skill level 3 in Air Magic
  6912 | D:7      | Reached skill level 5 in Earth Magic
  6912 | D:7      | Reached skill level 3 in Poison Magic
  6912 | D:7      | Reached XP level 9. HP: 38/69 MP: 14/16
  6916 | D:7      | HP: 20/69 [hippogriff (6)]
  6917 | D:7      | Reached * piety under Okawaru
  7165 | D:7      | Reached skill level 4 in Short Blades
  7165 | D:7      | Reached skill level 4 in Long Blades
  7165 | D:7      | Reached skill level 4 in Axes
  7165 | D:7      | Reached skill level 4 in Maces & Flails
  7165 | D:7      | Reached skill level 4 in Polearms
  7165 | D:7      | Reached skill level 4 in Slings
  7165 | D:7      | Reached skill level 4 in Bows
  7165 | D:7      | Reached skill level 4 in Crossbows
  7165 | D:7      | Reached skill level 4 in Armour
  7165 | D:7      | Reached skill level 4 in Dodging
  7165 | D:7      | Reached skill level 4 in Stealth
  7165 | D:7      | Reached skill level 4 in Shields
  7165 | D:7      | Reached skill level 4 in Unarmed Combat
  7235 | D:7      | Reached skill level 5 in Spellcasting
  7368 | D:7      | Noticed Prince Ribbit
  7405 | D:7      | Killed Prince Ribbit
  7405 | D:7      | Reached skill level 5 in Staves
  7405 | D:7      | Reached skill level 5 in Throwing
  7405 | D:7      | Reached skill level 5 in Evocations
  7424 | D:7      | Bought a shimmering chain mail for 171 gold pieces
  7451 | D:7      | Identified the +1 chain mail of Ecesieh {rF+ Dex+4} (You
                  | bought it in a shop on level 7 of the Dungeon)
  7704 | D:7      | Found Guptuiji's Weapon Emporium.
  7754 | D:7      | Reached ** piety under Okawaru
  8143 | D:7      | Reached skill level 5 in Invocations
  8181 | D:7      | HP: 21/71 [acid (8)]
  8186 | D:7      | HP: 19/71 [ooze (1)]
  8674 | D:8      | Noticed Maurice
  8682 | D:8      | Killed Maurice
  8682 | D:8      | Reached XP level 10. HP: 69/77 MP: 18/18
  8696 | D:8      | Reached skill level 4 in Conjurations
  8696 | D:8      | Reached skill level 4 in Hexes
  8696 | D:8      | Reached skill level 4 in Charms
  8696 | D:8      | Reached skill level 4 in Summonings
  8696 | D:8      | Reached skill level 4 in Necromancy
  8696 | D:8      | Reached skill level 4 in Translocations
  8696 | D:8      | Reached skill level 4 in Transmutations
  8696 | D:8      | Reached skill level 4 in Fire Magic
  8696 | D:8      | Reached skill level 4 in Air Magic
  8696 | D:8      | Reached skill level 4 in Poison Magic
  8769 | D:8      | Found a runed gate.
  8771 | D:8      | Noticed iamserjio's ghost (novice DEEE)
  8773 | D:8      | Found a runed gate.
  8773 | D:8      | Found a runed gate.
  8975 | D:8      | Noticed a gargoyle
  9025 | D:8      | Killed a gargoyle
  9025 | D:8      | Reached skill level 5 in Short Blades
  9025 | D:8      | Reached skill level 5 in Long Blades
  9025 | D:8      | Reached skill level 5 in Axes
  9025 | D:8      | Reached skill level 5 in Maces & Flails
  9025 | D:8      | Reached skill level 5 in Polearms
  9025 | D:8      | Reached skill level 5 in Slings
  9025 | D:8      | Reached skill level 5 in Bows
  9025 | D:8      | Reached skill level 5 in Crossbows
  9025 | D:8      | Reached skill level 5 in Armour
  9025 | D:8      | Reached skill level 5 in Dodging
  9025 | D:8      | Reached skill level 5 in Stealth
  9025 | D:8      | Reached skill level 5 in Shields
  9025 | D:8      | Reached skill level 5 in Unarmed Combat
  9167 | D:8      | Reached skill level 7 in Fighting
  9366 | D:8      | Reached *** piety under Okawaru
  9366 | D:8      | Reached skill level 6 in Spellcasting
  9726 | D:8      | Reached skill level 6 in Staves
  9726 | D:8      | Reached skill level 6 in Throwing
  9726 | D:8      | Reached skill level 6 in Evocations
  9777 | D:8      | HP: 22/78 [orc/+0 club (3)]
 10054 | D:8      | Received a gift from Okawaru
 10063 | D:8      | Found a glowing golden altar of the Shining One.
 10584 | D:9      | Reached skill level 6 in Ice Magic
 10584 | D:9      | Reached skill level 6 in Earth Magic
 10584 | D:9      | Reached skill level 6 in Invocations
 10819 | D:9      | Reached skill level 5 in Hexes
 11190 | D:9      | Reached **** piety under Okawaru
 11207 | D:9      | Received a gift from Okawaru
 11207 | D:9      | Reached XP level 11. HP: 65/83 MP: 20/20
 11454 | D:9      | Found a hazy altar of Hepliaklqana.
 11896 | D:9      | Found a huge runed gate.
 11896 | D:9      | Found a huge runed gate.
 11896 | D:9      | Found a huge runed gate.
 11899 | D:9      | Found a huge runed gate.
 11917 | D:9      | Received a gift from Okawaru
 11951 | D:9      | Noticed Psyche
 11961 | D:9      | Killed Psyche
 11961 | D:9      | Reached skill level 6 in Short Blades
 11961 | D:9      | Reached skill level 6 in Long Blades
 11961 | D:9      | Reached skill level 6 in Axes
 11961 | D:9      | Reached skill level 6 in Maces & Flails
 11961 | D:9      | Reached skill level 6 in Polearms
 11961 | D:9      | Reached skill level 6 in Slings
 11961 | D:9      | Reached skill level 6 in Bows
 11961 | D:9      | Reached skill level 6 in Crossbows
 11961 | D:9      | Reached skill level 6 in Armour
 11961 | D:9      | Reached skill level 6 in Dodging
 11961 | D:9      | Reached skill level 6 in Stealth
 11961 | D:9      | Reached skill level 6 in Shields
 11961 | D:9      | Reached skill level 6 in Unarmed Combat
 11971 | D:9      | Reached skill level 5 in Conjurations
 11971 | D:9      | Reached skill level 5 in Charms
 11971 | D:9      | Reached skill level 5 in Summonings
 11971 | D:9      | Reached skill level 5 in Necromancy
 11971 | D:9      | Reached skill level 5 in Translocations
 11971 | D:9      | Reached skill level 5 in Transmutations
 11971 | D:9      | Reached skill level 5 in Fire Magic
 11971 | D:9      | Reached skill level 5 in Air Magic
 11971 | D:9      | Reached skill level 5 in Poison Magic
 12274 | D:9      | Noticed a two-headed ogre
 12285 | D:9      | Killed a two-headed ogre
 12305 | D:9      | Found a staircase to the Orcish Mines.
 12333 | D:9      | HP: 20/84 [warg (6)]
 12735 | D:9      | Found a staircase to the Lair.
 12930 | D:9      | Reached skill level 6 in Hexes
 13143 | Lair:1   | Entered Level 1 of the Lair of Beasts
 13159 | D:9      | HP: 25/85 [poisoned by a black mamba]
 13164 | D:9      | HP: 19/85 [poisoned by a black mamba]
 13169 | D:9      | HP: 15/85 [poisoned by a black mamba]
 13175 | D:9      | HP: 11/85 [poisoned by a black mamba]
 13180 | D:9      | HP: 9/85 [poisoned by a black mamba]
 13185 | D:9      | HP: 8/85 [poisoned by a black mamba]
 13192 | D:9      | HP: 8/85 [poisoned by a black mamba]
 13200 | D:9      | HP: 8/85 [poisoned by a black mamba]
 13529 | D:9      | Reached skill level 7 in Spellcasting
 13754 | Lair:1   | Reached skill level 7 in Invocations
 13797 | Lair:1   | Reached skill level 8 in Fighting
 13797 | Lair:1   | Reached skill level 7 in Staves
 13797 | Lair:1   | Reached skill level 7 in Throwing
 13797 | Lair:1   | Reached skill level 7 in Evocations
 14102 | Lair:1   | Noticed Joseph
 14130 | Lair:1   | Killed Joseph
 15280 | Lair:1   | Reached XP level 12. HP: 50/92 MP: 23/23
 15539 | Lair:1   | Received a gift from Okawaru
 16048 | Lair:1   | HP: 28/94 [poisoned by a queen bee]
 16049 | Lair:1   | Reached skill level 7 in Hexes
 16049 | Lair:1   | Reached skill level 7 in Ice Magic
 16049 | Lair:1   | Reached skill level 7 in Earth Magic
 16053 | Lair:1   | HP: 20/94 [poisoned by a queen bee]
 16058 | Lair:1   | HP: 9/94 [poisoned by a queen bee]
 16063 | Lair:1   | HP: 6/94 [poisoned by a queen bee]
 16069 | Lair:1   | HP: 3/94 [poisoned by a queen bee]
 16076 | Lair:1   | HP: 2/94 [poisoned by a queen bee]
 16083 | Lair:1   | HP: 2/94 [poisoned by a queen bee]
 16091 | Lair:1   | HP: 2/94 [poisoned by a queen bee]
 16515 | Lair:1   | Received a gift from Okawaru
 17160 | Lair:2   | Reached skill level 7 in Short Blades
 17160 | Lair:2   | Reached skill level 7 in Long Blades
 17160 | Lair:2   | Reached skill level 7 in Axes
 17160 | Lair:2   | Reached skill level 7 in Maces & Flails
 17160 | Lair:2   | Reached skill level 7 in Polearms
 17160 | Lair:2   | Reached skill level 7 in Slings
 17160 | Lair:2   | Reached skill level 7 in Bows
 17160 | Lair:2   | Reached skill level 7 in Crossbows
 17160 | Lair:2   | Reached skill level 7 in Armour
 17160 | Lair:2   | Reached skill level 7 in Dodging
 17160 | Lair:2   | Reached skill level 7 in Stealth
 17160 | Lair:2   | Reached skill level 7 in Shields
 17160 | Lair:2   | Reached skill level 7 in Unarmed Combat
 17190 | Lair:2   | HP: 28/94 [poisoned by a black mamba]
 17196 | Lair:2   | HP: 28/94 [poisoned by a black mamba]
 17204 | Lair:2   | HP: 28/94 [poisoned by a black mamba]
 17807 | Lair:2   | Found a staircase to the Snake Pit.
 18006 | Lair:2   | Found a staircase to the Shoals.
 18270 | Lair:2   | Reached skill level 6 in Conjurations
 18270 | Lair:2   | Reached skill level 6 in Charms
 18270 | Lair:2   | Reached skill level 6 in Summonings
 18270 | Lair:2   | Reached skill level 6 in Necromancy
 18270 | Lair:2   | Reached skill level 6 in Translocations
 18270 | Lair:2   | Reached skill level 6 in Transmutations
 18270 | Lair:2   | Reached skill level 6 in Fire Magic
 18270 | Lair:2   | Reached skill level 6 in Air Magic
 18270 | Lair:2   | Reached skill level 6 in Poison Magic
 18310 | Lair:2   | Reached ***** piety under Okawaru
 18817 | Lair:2   | Upgraded the game from 0.23-a0-373-g305c090 to
                  | 0.23-a0-375-g66a18ee
 18878 | Lair:3   | Reached skill level 8 in Invocations
 18907 | Lair:3   | Noticed a six-headed hydra
 18928 | Lair:3   | Killed a six-headed hydra
 19079 | Lair:3   | Reached skill level 8 in Spellcasting
 19414 | Lair:2   | Reached skill level 8 in Staves
 19414 | Lair:2   | Reached skill level 8 in Throwing
 19414 | Lair:2   | Reached skill level 8 in Evocations
 19421 | Lair:2   | Received a gift from Okawaru
 19615 | Lair:3   | Reached skill level 9 in Fighting
 19625 | Lair:3   | Reached skill level 8 in Hexes
 19920 | Lair:3   | Reached XP level 13. HP: 96/101 MP: 25/25
 20421 | Lair:4   | Noticed Urug
 20552 | Lair:4   | Found a dark tunnel.
 20570 | Volcano  | Entered a volcano
 20602 | Volcano  | Received a gift from Okawaru
 20986 | Volcano  | Noticed a stone giant
 21003 | Volcano  | Killed a stone giant
 21003 | Volcano  | Reached skill level 8 in Short Blades
 21003 | Volcano  | Reached skill level 8 in Long Blades
 21003 | Volcano  | Reached skill level 8 in Axes
 21003 | Volcano  | Reached skill level 8 in Maces & Flails
 21003 | Volcano  | Reached skill level 8 in Polearms
 21003 | Volcano  | Reached skill level 8 in Slings
 21003 | Volcano  | Reached skill level 8 in Bows
 21003 | Volcano  | Reached skill level 8 in Crossbows
 21003 | Volcano  | Reached skill level 8 in Armour
 21003 | Volcano  | Reached skill level 8 in Dodging
 21003 | Volcano  | Reached skill level 8 in Stealth
 21003 | Volcano  | Reached skill level 8 in Shields
 21003 | Volcano  | Reached skill level 8 in Unarmed Combat
 21218 | Volcano  | Found a radiant altar of Vehumet.
 21242 | Volcano  | HP: 29/101 [efreet/+0 scimitar of flaming (18)]
 21246 | Volcano  | HP: 13/101 [efreet/bolt of fire (5)]
 21583 | Volcano  | Found a burning altar of Makhleb.
 22062 | Lair:4   | Killed Urug
 22437 | Lair:4   | Reached skill level 9 in Invocations
 23008 | Lair:5   | Found a frozen archway.
 23045 | IceCv    | Entered an ice cave
 23127 | IceCv    | Reached skill level 8 in Ice Magic
 23127 | IceCv    | Reached skill level 8 in Earth Magic
 23263 | IceCv    | Received a gift from Okawaru
 23264 | IceCv    | Got a transparent dagger {god gift}
 23265 | IceCv    | Identified the +3 dagger of True Grit {freeze, *Noise rC++
                  | Int+5} (Okawaru gifted it to you in an ice cave)
 23389 | IceCv    | Reached skill level 7 in Conjurations
 23389 | IceCv    | Reached skill level 9 in Hexes
 23389 | IceCv    | Reached skill level 7 in Charms
 23389 | IceCv    | Reached skill level 7 in Summonings
 23389 | IceCv    | Reached skill level 7 in Necromancy
 23389 | IceCv    | Reached skill level 7 in Translocations
 23389 | IceCv    | Reached skill level 7 in Transmutations
 23389 | IceCv    | Reached skill level 7 in Fire Magic
 23389 | IceCv    | Reached skill level 7 in Air Magic
 23389 | IceCv    | Reached skill level 7 in Poison Magic
 23512 | IceCv    | Reached skill level 9 in Spellcasting
 23521 | IceCv    | Noticed a reaper
 23548 | IceCv    | Killed a reaper
 23813 | Lair:5   | Reached skill level 9 in Staves
 23813 | Lair:5   | Reached skill level 9 in Throwing
 23813 | Lair:5   | Reached skill level 9 in Evocations
 24249 | Lair:5   | Reached XP level 14. HP: 101/109 MP: 27/27
 24414 | Lair:5   | Noticed an entropy weaver
 24463 | Lair:5   | Noticed an entropy weaver
 24611 | Lair:4   | HP: 23/109 [entropy weaver (16)]
 24612 | Lair:4   | Killed an entropy weaver
 24815 | Lair:4   | HP: 31/109 [entropy weaver (4)]
 24820 | Lair:4   | HP: 28/109 [poisoned by a soldier ant]
 24822 | Lair:4   | Killed an entropy weaver
 24822 | Lair:4   | Received a gift from Okawaru
 24826 | Lair:4   | HP: 17/109 [poisoned by a soldier ant]
 24831 | Lair:4   | HP: 17/109 [poisoned by a soldier ant]
 24836 | Lair:4   | HP: 18/109 [poisoned by a soldier ant]
 24842 | Lair:4   | HP: 20/109 [poisoned by a soldier ant]
 24849 | Lair:4   | HP: 23/109 [poisoned by a soldier ant]
 25110 | Lair:5   | Reached skill level 10 in Fighting
 25302 | Lair:5   | Received a gift from Okawaru
 25769 | Lair:6   | Entered Level 6 of the Lair of Beasts
 25863 | Lair:5   | Reached skill level 9 in Short Blades
 25863 | Lair:5   | Reached skill level 9 in Long Blades
 25863 | Lair:5   | Reached skill level 9 in Axes
 25863 | Lair:5   | Reached skill level 9 in Maces & Flails
 25863 | Lair:5   | Reached skill level 9 in Polearms
 25863 | Lair:5   | Reached skill level 9 in Slings
 25863 | Lair:5   | Reached skill level 9 in Bows
 25863 | Lair:5   | Reached skill level 9 in Crossbows
 25863 | Lair:5   | Reached skill level 9 in Armour
 25863 | Lair:5   | Reached skill level 9 in Dodging
 25863 | Lair:5   | Reached skill level 9 in Stealth
 25863 | Lair:5   | Reached skill level 9 in Shields
 25863 | Lair:5   | Reached skill level 9 in Unarmed Combat
 26195 | Lair:6   | Noticed Rupert
 26226 | Lair:6   | Killed Rupert
 26299 | Lair:6   | Reached skill level 10 in Invocations
 26395 | Lair:6   | Reached skill level 10 in Hexes
 26798 | Lair:6   | Received a gift from Okawaru
 27033 | Lair:6   | Identified a +0 pair of boots of running (You found it on
                  | level 6 of the Lair of Beasts)
 27033 | Lair:6   | --nice even if +0!
 27090 | Lair:6   | Paralysed by a hornet for 1 turns
 27414 | Lair:6   | Got a pitted spear
 27765 | Lair:1   | Learned a level 3 spell: Confuse
 27769 | Lair:1   | Learned a level 3 spell: Spectral Weapon
 27772 | Lair:1   | Learned a level 2 spell: Swiftness
 27792 | Orc:1    | Entered Level 1 of the Orcish Mines
 27796 | Orc:1    | Found Ejuffai's Assorted Antiques.
 27800 | Orc:1    | Found a roughly hewn altar of Beogh.
 27832 | Orc:1    | Found Xiurodopt's General Store.
 28042 | Orc:1    | Found Onum's Food Emporium.
 28047 | Orc:1    | Found Memout's Magic Scroll Shop.
 28064 | Orc:1    | Bought a scroll of identify for 26 gold pieces
 28145 | Orc:2    | Entered Level 2 of the Orcish Mines
 28145 | Orc:2    | Found a staircase to the Elven Halls.
 28201 | Orc:2    | Noticed an orc warlord
 28320 | Orc:2    | Killed an orc warlord
 28353 | Orc:2    | Reached skill level 8 in Conjurations
 28353 | Orc:2    | Reached skill level 8 in Charms
 28353 | Orc:2    | Reached skill level 8 in Summonings
 28353 | Orc:2    | Reached skill level 8 in Necromancy
 28353 | Orc:2    | Reached skill level 8 in Translocations
 28353 | Orc:2    | Reached skill level 8 in Transmutations
 28353 | Orc:2    | Reached skill level 8 in Fire Magic
 28353 | Orc:2    | Reached skill level 8 in Air Magic
 28353 | Orc:2    | Reached skill level 8 in Poison Magic
 28353 | Orc:2    | Reached XP level 15. HP: 87/117 MP: 24/28
 28365 | Orc:1    | Reached skill level 10 in Spellcasting
 28438 | Orc:2    | Paralysed by an orc sorcerer for 3 turns
 28506 | Orc:2    | Found Sethrezetz's Antique Armour Emporium.
 28593 | Orc:2    | Reached skill level 9 in Ice Magic
 28593 | Orc:2    | Reached skill level 9 in Earth Magic
 28840 | Orc:1    | Reached skill level 10 in Staves
 28840 | Orc:1    | Reached skill level 10 in Throwing
 28840 | Orc:1    | Reached skill level 10 in Evocations
 28964 | Orc:2    | Found Nekkom's Antique Weapon Boutique.
 29004 | Orc:2    | Found Mitre's General Store.
 29032 | Orc:2    | Bought a scroll of identify for 20 gold pieces
 29171 | Orc:2    | Found Qekhlytto's Jewellery Shoppe.
 29468 | Orc:2    | Bought a shiny plate armour for 494 gold pieces
 29468 | Orc:2    | Bought a transparent cloak for 180 gold pieces
 29488 | Orc:2    | Identified the +0 cloak of the Leaf {rElec} (You bought it
                  | in a shop on level 2 of the Orcish Mines)
 29498 | Orc:2    | Bought a shiny plate armour for 494 gold pieces
 29571 | D:10     | Entered Level 10 of the Dungeon
 29664 | D:10     | Identified the Compendium of Congealing Enhancements
 29880 | D:10     | Found a sacrificial altar of Ru.
 29974 | D:10     | You fall through a shaft for 3 floors!
 30048 | D:13     | Received a gift from Okawaru
 30473 | D:12     | Found an iron altar of Okawaru.
 30886 | D:11     | Noticed Snorg
 31011 | D:12     | Killed Snorg
 31361 | D:11     | Received a gift from Okawaru
 31422 | D:11     | Reached skill level 10 in Short Blades
 31422 | D:11     | Reached skill level 10 in Long Blades
 31422 | D:11     | Reached skill level 10 in Axes
 31422 | D:11     | Reached skill level 10 in Maces & Flails
 31422 | D:11     | Reached skill level 10 in Polearms
 31422 | D:11     | Reached skill level 10 in Slings
 31422 | D:11     | Reached skill level 10 in Bows
 31422 | D:11     | Reached skill level 10 in Crossbows
 31422 | D:11     | Reached skill level 10 in Armour
 31422 | D:11     | Reached skill level 10 in Dodging
 31422 | D:11     | Reached skill level 10 in Stealth
 31422 | D:11     | Reached skill level 10 in Shields
 31422 | D:11     | Reached skill level 10 in Unarmed Combat
 31518 | D:11     | Reached skill level 11 in Hexes
 31607 | D:11     | Received a gift from Okawaru
 31697 | D:11     | Reached skill level 11 in Fighting
 31730 | D:10     | Upgraded the game from 0.23-a0-375-g66a18ee to
                  | 0.23-a0-378-gd7a6ca6
 31822 | Orc:1    | Bought a blackened malachite amulet for 155 gold pieces
 31822 | Orc:1    | Bought a coral ring for 155 gold pieces
 31880 | Lair:1   | Learned a level 3 spell: Regeneration
 32475 | D:11     | Found an opulent altar of Gozag.
 33195 | D:13     | Received a gift from Okawaru
 33267 | D:13     | Reached skill level 11 in Invocations
 33269 | D:13     | Identified Sif Muna's Handbook of Companions
 33442 | D:13     | Reached ****** piety under Okawaru
 33567 | D:13     | Found a gate to the Vaults.
 33605 | D:13     | Got an encrusted war axe
 33619 | D:13     | Identified the +7 war axe "Duhebatt" {pain, Fragile rN+
                  | Str+9 SInv} (You found it on level 13 of the Dungeon)
 34090 | D:14     | Received a gift from Okawaru
 34110 | D:14     | Found a labyrinth entrance.
 34123 | Lab      | Entered a labyrinth
 34166 | Lab      | Reached XP level 16. HP: 125/125 MP: 30/30
 34415 | Lab      | Got a crude zirconium amulet
 34420 | Lab      | Learned a level 3 spell: Portal Projectile
 34423 | Lab      | Learned a level 2 spell: Blink
 34425 | Lab      | Got a fine hand axe
 34427 | Lab      | Identified the +6 hand axe "Numaxo" {chop, rElec rF- rN+++
                  | Stlth+} (You found it in a labyrinth)
 34450 | Lab      | Identified the amulet of Xonesm {Reflect MP-9 Str+6 SH+4}
                  | (You found it in a labyrinth)
 34827 | D:14     | HP: 37/125 [flayed ghost/flay_damage (16)]
 35211 | D:14     | Got a flickering diamond amulet
 35215 | D:14     | Noticed a sphinx
 35222 | D:14     | Killed a sphinx
 35225 | D:14     | Identified the amulet "Wekh" {Harm *Drain Str+4} (You found
                  | it on level 14 of the Dungeon)
 35495 | D:15     | Entered Level 15 of the Dungeon
 35522 | D:15     | Reached skill level 9 in Conjurations
 35522 | D:15     | Reached skill level 9 in Charms
 35522 | D:15     | Reached skill level 9 in Summonings
 35522 | D:15     | Reached skill level 9 in Necromancy
 35522 | D:15     | Reached skill level 9 in Translocations
 35522 | D:15     | Reached skill level 9 in Transmutations
 35522 | D:15     | Reached skill level 9 in Fire Magic
 35522 | D:15     | Reached skill level 9 in Air Magic
 35522 | D:15     | Reached skill level 9 in Poison Magic
 35534 | D:15     | Reached skill level 11 in Spellcasting
 35580 | D:15     | Received a gift from Okawaru
 35599 | D:15     | Reached skill level 11 in Slings
 35608 | D:15     | Got a pair of shimmering gloves {god gift}
 35621 | D:15     | Identified the +1 pair of gloves of Yraucs {rElec Dex+5}
                  | (Okawaru gifted it to you on level 15 of the Dungeon)
 35659 | D:15     | Reached skill level 11 in Staves
 35659 | D:15     | Reached skill level 11 in Throwing
 35659 | D:15     | Reached skill level 11 in Evocations
 35730 | D:15     | Found a staircase to the Depths.
 36053 | D:15     | Identified the +3 great mace of Descent {freeze, rPois rC+
                  | Str-4 Dex+3} (You found it on level 15 of the Dungeon)
 36093 | D:15     | Found a glowing golden altar of the Shining One.
 36857 | D:4      | Killed Qupu's ghost
 36865 | D:4      | Killed Nr616's ghost
 36869 | D:4      | Killed nikopol's ghost
 36879 | D:4      | Killed CcS's ghost
 36884 | D:4      | Killed derval's ghost
 37050 | D:4      | Found a stormy altar of Qazlal.
 37167 | D:8      | Killed iamserjio's ghost
 37186 | D:8      | Reached skill level 12 in Hexes
 37186 | D:8      | Reached skill level 10 in Ice Magic
 37186 | D:8      | Reached skill level 10 in Earth Magic
 37561 | D:11     | HP: 28/127 [acid (14)]
 37804 | Lair:5   | Found a staircase to the Slime Pits.
 37917 | Snake:1  | Entered Level 1 of the Snake Pit
 37917 | Snake:1  | Found Birien's Magic Scroll Shoppe.
 38007 | Snake:1  | Bought a scroll of blinking for 127 gold pieces
 38023 | Snake:1  | Reached skill level 11 in Short Blades
 38023 | Snake:1  | Reached skill level 11 in Long Blades
 38023 | Snake:1  | Reached skill level 11 in Axes
 38023 | Snake:1  | Reached skill level 11 in Maces & Flails
 38023 | Snake:1  | Reached skill level 11 in Polearms
 38023 | Snake:1  | Reached skill level 11 in Bows
 38023 | Snake:1  | Reached skill level 11 in Crossbows
 38023 | Snake:1  | Reached skill level 11 in Armour
 38023 | Snake:1  | Reached skill level 11 in Dodging
 38023 | Snake:1  | Reached skill level 11 in Stealth
 38023 | Snake:1  | Reached skill level 11 in Shields
 38023 | Snake:1  | Reached skill level 11 in Unarmed Combat
 38300 | Snake:1  | Reached XP level 17. HP: 133/133 MP: 29/32
 38366 | Snake:1  | Found Udiyr Ywu's Gadget Emporium.
 38380 | Snake:1  | Found Qaac's Weapon Shoppe.
 38380 | Snake:1  | Found Musibiom's Book Emporium.
 38404 | Snake:1  | Found Aserr's General Store.
 38597 | Snake:1  | Reached skill level 12 in Invocations
 38737 | Snake:2  | Received a gift from Okawaru
 38757 | Snake:2  | Reached skill level 12 in Fighting
 38764 | Snake:2  | Received a gift from Okawaru
 38849 | Snake:2  | Reached skill level 12 in Slings
 38864 | Snake:2  | HP: 37/133 [shock serpent (4)]
 38868 | Snake:2  | Received a gift from Okawaru
 38869 | Snake:2  | HP: 22/133 [poisoned by a naga ritualist (splash of
                  | poison)]
 38874 | Snake:2  | HP: 19/133 [poisoned by a naga ritualist (splash of
                  | poison)]
 38879 | Snake:2  | HP: 18/133 [poisoned by a naga ritualist (splash of
                  | poison)]
 38885 | Snake:2  | HP: 18/133 [poisoned by a naga ritualist (splash of
                  | poison)]
 38890 | Snake:2  | HP: 19/133 [poisoned by a naga ritualist (splash of
                  | poison)]
 38895 | Snake:1  | HP: 21/133 [poisoned by a naga ritualist (splash of
                  | poison)]
 38903 | Snake:1  | HP: 25/133 [poisoned by a naga ritualist (splash of
                  | poison)]
 39197 | Snake:2  | Received a gift from Okawaru
 41256 | Shoals:1 | Entered Level 1 of the Shoals
 41296 | Shoals:1 | Found a runed gate.
 41296 | Shoals:1 | Found a runed gate.
 41296 | Shoals:1 | Found a runed gate.
 41395 | Shoals:1 | Noticed phyphor's ghost (adept SpEn)
 41395 | Shoals:1 | Noticed Eguckew's ghost (journeyman OpNe)
 41395 | Shoals:1 | Noticed Fynlaimo's ghost (adept KoFi)
 41819 | Shoals:1 | Received a gift from Okawaru
 41900 | Shoals:1 | Reached skill level 10 in Conjurations
 41900 | Shoals:1 | Reached skill level 13 in Hexes
 41900 | Shoals:1 | Reached skill level 10 in Charms
 41900 | Shoals:1 | Reached skill level 10 in Summonings
 41900 | Shoals:1 | Reached skill level 10 in Necromancy
 41900 | Shoals:1 | Reached skill level 10 in Translocations
 41900 | Shoals:1 | Reached skill level 10 in Transmutations
 41900 | Shoals:1 | Reached skill level 10 in Fire Magic
 41900 | Shoals:1 | Reached skill level 10 in Air Magic
 41900 | Shoals:1 | Reached skill level 10 in Poison Magic
 41928 | Shoals:1 | Reached skill level 12 in Spellcasting
 42023 | Shoals:1 | Found Loteot's Antique Armour Shoppe.
 42220 | Shoals:1 | HP: 37/135 [Fynlaimo's ghost (12)]
 42224 | Shoals:1 | HP: 17/135 [Fynlaimo's ghost (3)]
 42505 | Shoals:1 | Killed Eguckew's ghost
 42688 | Shoals:2 | Reached skill level 12 in Staves
 42688 | Shoals:2 | Reached skill level 12 in Throwing
 42688 | Shoals:2 | Reached skill level 12 in Evocations
 42688 | Shoals:2 | Reached XP level 18. HP: 131/141 MP: 23/34
 42792 | Shoals:2 | Noticed Polyphemus
 42817 | Shoals:2 | Reached skill level 13 in Slings
 42836 | Shoals:2 | Received a gift from Okawaru
 42848 | Shoals:2 | Killed Polyphemus
 42998 | Shoals:2 | Received a gift from Okawaru
 43126 | Shoals:2 | Noticed Ilsuiw
 43189 | Shoals:1 | HP: 40/141 [Fynlaimo's ghost (5)]
 43195 | Shoals:1 | HP: 21/141 [Fynlaimo's ghost (21)]
 43200 | Shoals:1 | HP: 16/211 [Fynlaimo's ghost (28)]
 43202 | Shoals:1 | Slain by Fynlaimo's ghost

Vault maps used:
D:1:      dpeg_arrival_castle, serial_corexii_hall, corexii_hall_statues_x,
          chequers_hall_statues_wall_a
D:2:      old_standard_altar
D:3:      first_ration
D:4:      nicolae_overflow_hidden_temple, gammafunk_ghost_cemetery
D:5:      slow_altar_2, minmay_temple_entry_butterflies, minivault_19,
          led_xom_imps
D:6:      dancing_weapons_uskayaw
D:7:      lemuel_slime, serial_shops, shop, shop_coins, grunt_ogre_cave,
          st_stairs_8, uniq_prince_ribbit1
D:8:      tso_oasis_becter, gammafunk_ghost_nasty_kobolds,
          serial_bayou_lagoon_a, minmay_manual_moon, uniq_maurice
D:9:      lemuel_bear_cage, kennysheep_little_box, erik_lair_island,
          minmay_orc_entry_guard_dogs, uniq_psyche
D:10:     basic_altar
D:11:     hangedman_what_comes_after_a, nicolae_gozag_seed_capital, uniq_snorg
D:12:     okawaru_humans
D:13:     minmay_wavy_crystal, grunt_vaults_entry_tiered
D:14:     fountainhead, lab_entry_generic, minmay_checkered_concentric_circles
D:15:     grunt_enter_depths_giant_problem, tso_altar, minmay_orc_keep
Temple:   eino_temple_rhombus
Lair:1:   special_room, uniq_joseph
Lair:2:   minmay_shoals_entry_lonely_mermaid, dummy_snake_entry, minivault_23
Lair:3:   beast_lair_carwin_5, grunt_megastairs_3
Lair:4:   lightli_volcano_entry_magma_tube, infiniplex_staircase_pool_2,
          uniq_urug
Lair:5:   minmay_slime_entry_oklob_enclosed, portal_ice_cave_entry_pillars_1,
          zaba_anthell, lemuel_fruit_fields
Lair:6:   minmay_lair_end_enchanted_forest, uniq_rupert
Shoals:1: gammafunk_ghost_cemetery, serial_shops, nicolae_shop_trees, st_cyclops
Shoals:2: gammafunk_ghost_split, uniq_ilsuiw, uniq_polyphemus
Snake:1:  serial_shops, shop_scrolls, minmay_shoptagon
Snake:3:  basic_loot_grate_trap, st_stairs_12
Orc:1:    serial_shops, shop, nicolae_shop_crystal, shop,
          nicolae_shop_window_shopping, mines2_david
Orc:2:    grunt_orc_gardens, grunt_orc_garden, grunt_orc_garden,
          grunt_orc_garden, grunt_orc_garden
Lab:      nicolae_lab_garden, nicolae_lab_grate_2
IceCv:    ice_cave_small_demon
Volcano:  volcano_grotto

Skill      XL: |  1  2  3  4  5  6  7  8  9 10 11 12 13 14 15 16 17 18 |
---------------+-------------------------------------------------------+-----
Invocations    | 1 2 3 4 5 6 7 8 9 10 11 12 | 12.7
Short Blades   | 1 2 3 4 5 6 7 8 9 10 11 | 11.8
Long Blades    | 1 2 3 4 5 6 7 8 9 10 11 | 11.8
Axes           | 1 2 3 4 5 6 7 8 9 10 11 | 11.8
Maces & Flails | 1 2 3 4 5 6 7 8 9 10 11 | 11.8
Polearms       | 1 2 3 4 5 6 7 8 9 10 11 | 11.8
Slings         | 1 2 3 4 5 6 7 8 9 10 11 12 13 | 13.1
Bows           | 1 2 3 4 5 6 7 8 9 10 11 | 11.8
Crossbows      | 1 2 3 4 5 6 7 8 9 10 11 | 11.8
Armour         | 1 2 3 4 5 6 7 8 9 10 11 | 11.8
Dodging        | 1 2 3 4 5 6 7 8 9 10 11 | 11.8
Stealth        | 1 2 3 4 5 6 7 8 9 10 11 | 11.8
Shields        | 1 2 3 4 5 6 7 8 9 10 11 | 11.8
Unarmed Combat | 1 2 3 4 5 6 7 8 9 10 11 | 11.8
Spellcasting   | 3 4 5 6 7 8 9 10 11 12 | 12.1
Conjurations   | 1 2 3 4 5 6 7 8 9 10 | 10.1
Hexes          | 1 2 3 5 6 8 9 10 11 12 13 | 13.2
Charms         | 1 2 3 4 5 6 7 8 9 10 | 10.1
Summonings     | 1 2 3 4 5 6 7 8 9 10 | 10.1
Necromancy     | 1 2 3 4 5 6 7 8 9 10 | 10.1
Translocations | 1 2 3 4 5 6 7 8 9 10 | 10.1
Transmutations | 1 2 3 4 5 6 7 8 9 10 | 10.1
Fire Magic     | 1 2 3 4 5 6 7 8 9 10 | 10.1
Air Magic      | 1 2 3 4 5 6 7 8 9 10 | 10.1
Poison Magic   | 1 2 3 4 5 6 7 8 9 10 | 10.1
Staves         | 3 4 5 6 7 8 9 10 11 12 | 12.1
Throwing       | 3 4 5 6 7 8 9 10 11 12 | 12.1
Evocations     | 3 4 5 6 7 8 9 10 11 12 | 12.1
Ice Magic      | 4 5 6 7 8 9 10 | 10.8
Earth Magic    | 4 5 6 7 8 9 10 | 10.8
Fighting       | 5 6 7 8 9 10 11 12 | 12.5

Action                   |  1- 3 |  4- 6 |  7- 9 | 10-12 | 13-15 | 16-18 || total
-------------------------+-------+-------+-------+-------+-------+-------++-------
Melee: Quarterstaff      |    88 |   195 |   376 |   721 |     8 |       ||  1388
       Bite              |    10 |    21 |    53 |   121 |   186 |   140 ||   531
       Lajatang          |       |       |       |   128 |  1393 |   755 ||  2276
       Hunting sling     |       |       |       |       |     6 |       ||     6
       Scimitar          |       |       |       |       |    10 |     5 ||    15
       Punch             |       |       |       |       |     2 |       ||     2
 Fire: Hunting sling     |       |       |       |   167 |   253 |   434 ||   854
Throw: Stone             |     3 |     1 |     5 |    44 |       |       ||    53
       Tomahawk          |       |       |    21 |    26 |       |       ||    47
       Javelin           |       |       |       |       |     5 |       ||     5
       Throwing net      |       |       |       |       |     1 |       ||     1
 Cast: Sandblast         |     4 |       |       |       |       |       ||     4
       Confuse           |       |       |       |       |    56 |   217 ||   273
       Spectral Weapon   |       |       |       |       |    13 |    45 ||    58
Invok: Heroism           |       |       |       |    17 |    13 |     9 ||    39
       Finesse           |       |       |       |       |     3 |     2 ||     5
Evoke: Wand              |       |       |     7 |    19 |     9 |     4 ||    39
  Use: Scroll            |     2 |     6 |     9 |     9 |    17 |     7 ||    50
       Potion            |       |       |     1 |     1 |     1 |     5 ||     8
 Stab: Paralysed         |       |       |     5 |    15 |     3 |       ||    23
       Held in net/web   |       |       |       |       |     2 |       ||     2
       Confused          |       |       |       |       |    31 |    59 ||    90
       Distracted        |       |       |       |       |     3 |     6 ||     9
  Eat: Chunk             |     1 |     7 |    14 |    28 |    38 |    17 ||   105
       Ration            |       |       |     2 |     2 |     2 |     3 ||     9
Armor: Robe              |     7 |       |       |       |       |       ||     7
       Chain mail        |    54 |   198 |   199 |   208 |    46 |       ||   705
       Plate armour      |       |       |       |   269 |   865 |   417 ||  1551
Dodge: Dodged            |    38 |   126 |   154 |   427 |   776 |   355 ||  1876
       Deflected         |       |       |       |       |       |    46 ||    46
Block: Other             |       |    13 |    19 |   107 |    18 |       ||   157
       Reflection        |       |       |       |       |     3 |       ||     3
       Rpst.: Scimitar   |       |       |       |       |     1 |       ||     1

Table legend:
 A = Non-vault XP
 B = Vault XP
 C = Vault XP percentage of total XP
 D = Non-vault monster count
 E = Vault monster count
 F = Vault count percentage of total count
                 A         B        C        D         E       F
            +---------+---------+-------+---------+---------+-------
      Total |  153136 |  104437 |  40.5 |     708 |     431 |  37.8
            +---------+---------+-------+---------+---------+-------
        D:1 |      37 |       0 |   0.0 |      22 |       0 |   0.0
        D:2 |     111 |       0 |   0.0 |      32 |       0 |   0.0
        D:3 |     226 |       0 |   0.0 |      29 |       0 |   0.0
        D:4 |     784 |    1213 |  60.7 |      40 |       5 |  11.1
        D:5 |     508 |     239 |  32.0 |      17 |       5 |  22.7
        D:6 |     286 |       0 |   0.0 |       6 |       0 |   0.0
        D:7 |    1331 |     952 |  41.7 |      21 |      24 |  53.3
        D:8 |    2895 |    3013 |  51.0 |      45 |      20 |  30.8
        D:9 |    4070 |    5949 |  59.4 |      24 |      29 |  54.7
       D:10 |    1460 |       0 |   0.0 |      14 |       0 |   0.0
       D:11 |    5475 |   11280 |  67.3 |      44 |      54 |  55.1
       D:12 |    1863 |    1647 |  46.9 |      12 |       5 |  29.4
       D:13 |    5262 |   11335 |  68.3 |      32 |      29 |  47.5
       D:14 |    7809 |    6598 |  45.8 |      30 |       8 |  21.1
       D:15 |   15378 |    3444 |  18.3 |      43 |      10 |  18.9
     Lair:1 |    4793 |    2341 |  32.8 |      21 |      27 |  56.2
     Lair:2 |    4831 |     474 |   8.9 |      20 |       1 |   4.8
     Lair:3 |    4690 |    1959 |  29.5 |      19 |      10 |  34.5
     Lair:4 |    3777 |    5983 |  61.3 |      14 |      26 |  65.0
     Lair:5 |    8002 |    5219 |  39.5 |      25 |      41 |  62.1
     Lair:6 |    5548 |    9775 |  63.8 |      19 |      33 |  63.5
   Shoals:1 |   10671 |    6932 |  39.4 |      25 |       9 |  26.5
   Shoals:2 |    8300 |    6253 |  43.0 |      15 |       6 |  28.6
    Snake:1 |   13368 |       0 |   0.0 |      25 |       0 |   0.0
    Snake:2 |   21469 |       0 |   0.0 |      35 |       0 |   0.0
    Snake:3 |   16019 |     548 |   3.3 |      30 |       1 |   3.2
      Orc:1 |    1593 |    2831 |  64.0 |      25 |      17 |  40.5
      Orc:2 |    1295 |    5970 |  82.2 |      23 |      16 |  41.0
        Lab |    1285 |     506 |  28.3 |       1 |       7 |  87.5
      IceCv |       0 |    5411 | 100.0 |       0 |      27 | 100.0
    Volcano |       0 |    4565 | 100.0 |       0 |      21 | 100.0
            +---------+---------+-------+---------+---------+-------

Table legend:
 A = Turns spent in this place as a percentage of turns spent in the entire game.
 B = Non-inter-level travel turns spent in this place as a percentage of non-inter-level travel turns spent in the entire game.
 C = Inter-level travel turns spent in this place as a percentage of turns spent in this place.
 D = Turns resting spent in this place as a percentage of non-inter-level travel turns spent in this place.
 E = Turns spent auto-exploring this place as a percentage of non-inter-level travel turns spent in this place.
 F = Non-inter-level travel turns spent in this place divided by the number of levels of this place that you've seen.
                   A       B       C       D       E      F
               +-------+-------+-------+-------+-------+----------------------
         Total | 100.0 | 100.0 |   7.1 |  30.8 |  28.2 | 1253.8
       Dungeon |  49.0 |  49.0 |   7.0 |  30.3 |  32.2 | 1311.7
        Temple |   0.3 |   0.3 |   6.3 |   0.0 |  86.5 | 133.0
          Lair |  30.1 |  29.4 |   9.1 |  36.8 |  24.8 | 1969.3
        Shoals |   4.4 |   4.4 |   5.4 |  15.3 |  19.7 | 890.5
     Snake Pit |   7.2 |   7.3 |   5.8 |  16.4 |  38.4 | 976.7
  Orcish Mines |   4.1 |   4.1 |   6.7 |  18.1 |  27.2 | 822.5
     Labyrinth |   0.8 |   0.8 |   0.0 |   0.0 |   0.0 | 329.0
      Ice Cave |   1.6 |   1.7 |   0.0 |  32.7 |   0.0 | 672.0
       Volcano |   2.6 |   2.8 |   0.0 |  69.2 |   2.2 | 1142.0
               +-------+-------+-------+-------+-------+----------------------

Vault maps used:
D:1:      dpeg_arrival_castle, serial_corexii_hall, corexii_hall_statues_x,
          chequers_hall_statues_wall_a
D:2:      old_standard_altar
D:3:      first_ration
D:4:      nicolae_overflow_hidden_temple, gammafunk_ghost_cemetery
D:5:      slow_altar_2, minmay_temple_entry_butterflies, minivault_19,
          led_xom_imps
D:6:      dancing_weapons_uskayaw
D:7:      lemuel_slime, serial_shops, shop, shop_coins, grunt_ogre_cave,
          st_stairs_8, uniq_prince_ribbit1
D:8:      tso_oasis_becter, gammafunk_ghost_nasty_kobolds,
          serial_bayou_lagoon_a, minmay_manual_moon, uniq_maurice
D:9:      lemuel_bear_cage, kennysheep_little_box, erik_lair_island,
          minmay_orc_entry_guard_dogs, uniq_psyche
D:10:     basic_altar
D:11:     hangedman_what_comes_after_a, nicolae_gozag_seed_capital, uniq_snorg
D:12:     okawaru_humans
D:13:     minmay_wavy_crystal, grunt_vaults_entry_tiered
D:14:     fountainhead, lab_entry_generic, minmay_checkered_concentric_circles
D:15:     grunt_enter_depths_giant_problem, tso_altar, minmay_orc_keep
Temple:   eino_temple_rhombus
Lair:1:   special_room, uniq_joseph
Lair:2:   minmay_shoals_entry_lonely_mermaid, dummy_snake_entry, minivault_23
Lair:3:   beast_lair_carwin_5, grunt_megastairs_3
Lair:4:   lightli_volcano_entry_magma_tube, infiniplex_staircase_pool_2,
          uniq_urug
Lair:5:   minmay_slime_entry_oklob_enclosed, portal_ice_cave_entry_pillars_1,
          zaba_anthell, lemuel_fruit_fields
Lair:6:   minmay_lair_end_enchanted_forest, uniq_rupert
Shoals:1: gammafunk_ghost_cemetery, serial_shops, nicolae_shop_trees, st_cyclops
Shoals:2: gammafunk_ghost_split, uniq_ilsuiw, uniq_polyphemus
Snake:1:  serial_shops, shop_scrolls, minmay_shoptagon
Snake:3:  basic_loot_grate_trap, st_stairs_12
Orc:1:    serial_shops, shop, nicolae_shop_crystal, shop,
          nicolae_shop_window_shopping, mines2_david
Orc:2:    grunt_orc_gardens, grunt_orc_garden, grunt_orc_garden,
          grunt_orc_garden, grunt_orc_garden
Lab:      nicolae_lab_garden, nicolae_lab_grate_2
IceCv:    ice_cave_small_demon
Volcano:  volcano_grotto
